 Seeded DCSS version 0.31-a0-986-g5e6e4ef867 (webtiles) character file.

Game seed: 383031706015121972 (custom seed)

11494 timneilson the Grappler (level 11, -5/75 HPs)
             Began as an Octopode Shapeshifter on Nov 12, 2023.
             Was an Initiate of Gozag.
             Engulfed by a cloud of flame (11 damage)
             ... in a Gauntlet.
             The game lasted 00:27:13 (12210 turns).

timneilson the Grappler (Octopode Shapeshifter)    Turns: 12210, Time: 00:27:14

Health: -5/75      AC:  1    Str: 17    XL:     11   Next: 78%
Magic:  18/18      EV: 33    Int: 20    God:    Gozag
Gold:   747        SH:  0    Dex: 13    Spells: 14/19 levels left

rFire   + .          .
                       - Unarmed
rCold   + . .        (shield currently unavailable)
rNeg    . . .        (helmet restricted)
rPois   +            (no amulet)
rElec   +            h - ring of flight
rCorr   +            r - +5 ring of evasion
SInv    .            m - +5 ring of evasion
Will    +....        i - ring of willpower
Stlth   ++           g - ring "Yrgher" {rElec rPois Int+6 Dex+2}
HPRegen 0.32/turn    w - +7 ring of evasion
MPRegen 0.16/turn    (no ring)
                     (no ring)

%: no teleportation
@: flux-form, resistant, gold aura, flying, glowing
A: glow, contaminating, almost no armour, amphibious, 8 rings, camouflage 1,
gelatinous body 1, (nimble swimmer 1), tentacles
a: Begin Untransformation, Renounce Religion, Potion Petition, Call Merchant,
Bribe Branch


You were in a Gauntlet.
You worshipped Gozag.
Gozag was pleased with you.
You were something dangerously unstable.
You visited 2 branches of the dungeon, and saw 12 of its levels.
You also visited: Sewer and Gauntlet.

You collected 2614 gold pieces.
You spent 1801 gold pieces at shops.
You paid 66 gold pieces to Gozag.

Inventory:

Jewellery
 g - the ring "Yrgher" (on tentacle) {rElec rPois Int+6 Dex+2}
   (You bought it in a shop on level 1 of the Dungeon)

   [ring of intelligence]

   Int+6:     It affects your intelligence (+6).
   Dex+2:     It affects your dexterity (+2).
   rElec:     It insulates you from electricity.
   rPois:     It protects you from poison
 h - a ring of flight (left tentacle)
 i - a ring of willpower (on tentacle)
 m - a +5 ring of evasion (on tentacle)
 r - a +5 ring of evasion (right tentacle)
 w - a +7 ring of evasion (on tentacle)
Talismans
 b - a beast talisman
 c - a flux talisman (active)
 y - a blade talisman
Wands
 B - a wand of iceblast (6)
 C - a wand of polymorph (4)
Scrolls
 f - 7 scrolls of teleportation
 p - 2 scrolls of enchant weapon
 s - a scroll of revelation
 u - a scroll of amnesia
 x - a scroll of enchant armour
 z - a scroll of identify
Potions
 a - 3 potions of lignification
 d - 3 potions of brilliance
 e - 4 potions of attraction
 j - a potion of curing
 k - 3 potions of mutation
 l - 2 potions of enlightenment
 n - a potion of magic
 o - 3 potions of cancellation
 t - 2 potions of invisibility
 v - 3 potions of might
 A - 2 potions of haste


   Skills:
 * Level 7.6 Fighting
 * Level 7.9 Dodging
 + Level 7.7 Stealth
 * Level 8.2 Unarmed Combat
 + Level 4.9 Spellcasting
 - Level 5.0 Translocations
 + Level 4.9 Evocations
 * Level 7.6 Shapeshifting


You had 14 spell levels left.
You knew the following spells:

 Your Spells              Type           Power      Damage    Failure   Level
a - Lesser Beckoning      Tloc           48%        N/A       2%          2
b - Gell's Gravitas       Tloc           24%        N/A       4%          3

Your spell library contained the following spells:

 Spells                   Type           Power      Damage    Failure   Level
 Teleport Other           Tloc           24%        N/A       4%          3
 Magic Dart               Conj           16%        1d3       12%         1
 Necrotise                Necr           16%        1d4       12%         1
 Searing Ray              Conj           8%         2d4       19%         2
 Wereblood                Tmut           4%         N/A       19%         2
 Vampiric Draining        Necr           4%         2d6       34%         3
 Fulminant Prism          Conj/Hex       2%         3d5       75%         4
 Agony                    Necr           4%         N/A       97%         5
 Irradiate                Conj/Tmut      2%         3d12      97%         5


Dungeon Overview and Level Annotations

Branches:
Dungeon (11/15)            Temple (1/1) D:5            Lair (0/5) D:11
    Orc (0/2) D:10          Sewer (visited)         Gauntlet (1/1)

Altars:
Ashenzari
Cheibriados
Dithmenos
Elyvilon
Fedhas
Gozag
Hepliaklqana
Kikubaaqudgha
Makhleb
Nemelex Xobeh
Okawaru
Qazlal
Ru
Sif Muna
Trog
Uskayaw
Vehumet
Wu Jian
Xom
Yredelemnul
Zin
The Shining One

Shops:
D:1 =   D:3 (   D:4 :(?:*   D:7 [

Annotations:
Gauntlet 11 transporters, 3 runed translucent doors


Innate Abilities, Weirdness & Mutations

You are something dangerously unstable.
You glow with magical radiation, making you easy to see and hit.
Foes you strike become dangerously contaminated with magical radiation.
You are incapable of wielding weapons or throwing items.
You cannot wear most types of armour.
You are amphibious.
You can wear up to eight rings at the same time.
Your skin changes colour to match your surroundings (Stealth+).
Your rubbery body absorbs attacks. (AC +1, EV +1)
((You are camouflaged when in or above water. (Stealth+)))
You have tentacles for arms and can constrict up to eight enemies at once.


Message History

You constrict the fire crab.
The fire bat is no longer distracted by gold. x2
The fire bat is distracted by your dazzling golden aura.
The fire bat completely misses you. x2
The fire crab breathes flames at you. The blast of flame misses you.
The fire bat completely misses you.
You bludgeon the fire crab!
The fire crab shudders as magic cascades through it!!
You kill the fire crab!
You now have 747 gold pieces (gained 6).
You are engulfed in blazing flames.
You resist. The fire bat bites you.
* * * LOW HITPOINT WARNING * * *
You are engulfed in flames.
You resist.
* * * LOW HITPOINT WARNING * * *
The fire bat completely misses you.
You feel better.
You are engulfed in blazing flames.
You resist.
* * * LOW HITPOINT WARNING * * *
The hell hound is no longer distracted by gold.
The fire bat completely misses you. x2
The fire bat is distracted by your dazzling golden aura. x2
The hell hound breathes flames at you. The blast of flame misses you.
The blast of flame hits the fire bat.
The fire bat completely resists.
The fire bat is no longer distracted by gold.
You closely miss the fire bat. Your grab misses the fire bat.
The fire bat is severely wounded.
You are engulfed in blazing flames.
You resist.
* * * LOW HITPOINT WARNING * * *
The fire bat is no longer distracted by gold. x2
The fire bat bites you but does no damage.
The fire bat closely misses you. The fire bat barely misses you. x2
The fire bat is distracted by your dazzling golden aura.
The hell hound breathes flames at you.
The blast of flame hits the hell hound.
The hell hound completely resists.
The blast of flame misses you.
You miss the fire bat.
The fire bat is no longer distracted by gold.
You grab the fire bat.
You are engulfed in blazing flames.
You resist.
You die...
Your body crumbles into a pile of gold.

.#...8....#.©.#....8...#.8.#...8.
.#.....###########.....#.©.#.....
####...#}.≈=©§.≈$#...#########...
)ss#...#.≈...§.≈.#...#[|#©#33#..§
##B#...#.≈≈.§.≈.h#...#.!#.#.3#...
##.#...#.§.§§§.≈h#...###+++..#...
##.#.8.#≈..≈§§.≈≈#.8.#..^.#..#.8.
...#...#≈.≈...b..#...#.##.#..#...
.#.#...#.≈.≈≈.bbp#...#.##.#..#...
...#...#.≈..≈..≈.#...#...©#..#...
####...#..§≈...≈.#...#########...
.......###########.......©.......
.....8......©......8.....8.....8.
.........∩..8..∩.........§.......
≈#≈#≈#.............#≈#≈#≈#≈#§#≈#≈
#######≈#≈#≈#§#≈#≈###############
#############


You could see 2 hell hounds and 3 fire bats.

Vanquished Creatures
  A fire crab (Gauntlet)
  Joseph (D:7)
  Jeremiah (D:7)
  2 unseen horrors
  2 polar bears (D:8)
  2 hornets
  Sigmund (D:6)
  2 wyverns
  26 yaks
  A shadow (D:10)
  2 fire bats (Gauntlet)
  Grum (D:11)
  Menkaure (D:6)
  An acid dragon (D:9)
  2 water moccasins
  3 orc warriors
  4 ice beasts
  A black bear (D:6)
  2 ogres (D:5)
  2 centaurs
  5 wolves
  A boggart (D:10)
  A phantom (D:7)
  4 kobold brigands
  3 bullfrogs (D:8)
  5 scorpions
  A hornet simulacrum (D:8)
  9 killer bees
  3 electric eels (D:8)
  5 jellies
  3 orc priests
  Crazy Yiuf (D:4)
  2 gnoll boudas
  2 iguanas (D:6)
  7 orc wizards
  A killer bee simulacrum (D:8)
  8 gnolls
  10 adders
  A river rat (D:5)
  3 white imps (D:7)
  A howler monkey simulacrum (D:8)
  4 ufetubi
  2 worms (D:4)
  2 dart slugs
  18 orcs
  5 bats
  9 endoplasms
  4 giant cockroaches
  9 goblins
  10 hobgoblins
  4 jackals (D:1)
  3 quokkas
  8 ball pythons
  11 frilled lizards
  27 kobolds
  9 rats
259 creatures vanquished.

Notes
Turn   | Place    | Note
-------+----------+-------------------------------------------
     0 | D:1      | timneilson the Octopode Shapeshifter began the quest for
                  | the Orb.
     0 | D:1      | Reached XP level 1. HP: 13/13 MP: 1/1
   167 | D:1      | Reached XP level 2. HP: 11/18 MP: 2/2
   645 | D:1      | Reached XP level 3. HP: 22/23 MP: 3/3
   830 | D:1      | Found Deshragru's One-of-a-Kind Rings.
  1222 | D:2      | Reached skill level 1 in Stealth
  1293 | D:2      | Reached XP level 4. HP: 22/29 MP: 5/5
  2029 | D:3      | Found Syunath's Weapon Shoppe.
  2541 | D:4      | Found Obynk's Book Emporium.
  2573 | D:4      | Found Koashrete's Assorted Antiques.
  2881 | D:4      | Reached XP level 5. HP: 30/34 MP: 6/6
  2890 | D:4      | Reached skill level 1 in Spellcasting
  2962 | D:4      | Found Maohots's Magic Scroll Boutique.
  2968 | D:4      | Found Siosuxedgh's Book Shop.
  3149 | D:4      | Noticed a +0 triple crossbow
  3151 | D:4      | Found Edeygrul's Weapon Shop.
  3152 | D:4      | Noticed a +0 demon blade
  3167 | D:4      | Learned a level 2 spell: Lesser Beckoning
  3171 | D:4      | Learned a level 3 spell: Gell's Gravitas
  3374 | D:4      | Found a runed translucent door.
  3375 | D:4      | Noticed Crazy Yiuf
  3415 | D:5      | Entered Level 5 of the Dungeon
  3464 | D:5      | Found a glowing drain.
  3481 | Sewer    | Entered a sewer
  3540 | Sewer    | Reached skill level 4 in Unarmed Combat
  3687 | Sewer    | Reached XP level 6. HP: 41/41 MP: 7/7
  3930 | D:5      | Found a staircase to the Ecumenical Temple.
  3939 | Temple   | Entered the Ecumenical Temple
  3945 | Temple   | Became a worshipper of Gozag Ym Sagoz the Greedy
  4057 | D:5      | Found a shimmering altar of Xom.
  4165 | D:5      | Reached skill level 1 in Translocations
  4165 | D:5      | Reached XP level 7. HP: 46/46 MP: 9/9
  4496 | D:5      | Found a radiant altar of Vehumet.
  4624 | D:6      | Noticed Menkaure
  4734 | D:6      | Killed Menkaure
  4933 | D:6      | Found an ancient bone altar of Kikubaaqudgha.
  4935 | D:6      | Found an iron altar of Okawaru.
  4937 | D:6      | Found a shadowy altar of Dithmenos.
  4983 | D:6      | Noticed Sigmund
  4990 | D:6      | Reached XP level 8. HP: 43/53 MP: 11/11
  5145 | D:6      | Killed Sigmund
  5146 | D:6      | Reached skill level 5 in Unarmed Combat
  5379 | D:6      | Noticed a wyvern
  5392 | D:6      | Killed a wyvern
  5393 | D:6      | Reached skill level 5 in Shapeshifting
  5576 | D:7      | Found Quwkyrchu's Antique Armour Emporium.
  5615 | D:7      | Reached skill level 5 in Dodging
  5701 | D:7      | Reached skill level 1 in Evocations
  5811 | D:7      | Noticed a torpor snail
  5830 | D:7      | Reached XP level 9. HP: 48/59 MP: 13/13
  5870 | D:7      | Found a snail-covered altar of Cheibriados.
  5870 | D:7      | Noticed a torpor snail
  6036 | D:7      | Noticed a hornet
  6042 | D:7      | Killed a hornet
  6056 | D:7      | Identified the +2 falchion of War {heavy, Stlth+}
  6072 | D:7      | Reached skill level 5 in Fighting
  6072 | D:7      | Reached skill level 5 in Stealth
  6072 | D:7      | Reached skill level 6 in Unarmed Combat
  6186 | D:7      | Noticed Joseph
  6201 | D:7      | Killed Joseph
  6256 | D:7      | Found a glowing golden altar of the Shining One.
  6472 | D:7      | Noticed Jeremiah
  6653 | D:7      | Killed Jeremiah
  6750 | D:7      | Noticed a torpor snail
  6842 | D:4      | Bought 3 scrolls of identify for 60 gold pieces
  6995 | D:8      | Found Bedyobia's Book Boutique.
  7018 | D:8      | Reached XP level 10. HP: 68/68 MP: 15/15
  7781 | D:8      | Reached skill level 7 in Unarmed Combat
  8296 | D:1      | Bought the ring "Yrgher" {rElec rPois Int+6 Dex+2} for 817
                  | gold pieces
  9533 | D:9      | Reached XP level 11. HP: 66/74 MP: 17/17
 10229 | D:10     | Entered Level 10 of the Dungeon
 10855 | D:10     | Found a hide-covered altar of Uskayaw.
 11041 | D:10     | Found a staircase to the Orcish Mines.
 11049 | D:10     | Identified the +1 flail of World's End {elec, rElec SInv}
 11164 | D:10     | Found a sacrificial altar of Ru.
 11371 | D:10     | Found a glowing silver altar of Zin.
 11386 | D:10     | Identified a scroll of acquirement
 11386 | D:10     | Acquired 700 gold pieces
 11579 | D:1      | Bought a +7 ring of evasion for 924 gold pieces
 11755 | D:4      | Killed Crazy Yiuf
 11857 | Gauntlet | Identified the of Lyufe
 11918 | D:11     | Reached skill level 8 in Unarmed Combat
 11920 | D:11     | Noticed Grum
 11940 | D:11     | Killed Grum
 11941 | D:11     | Reached skill level 5 in Translocations
 11956 | D:11     | Found a gate leading to a gauntlet.
 11980 | Gauntlet | Entered a Gauntlet
 11980 | Gauntlet | Found a transporter.
 11991 | Gauntlet | Noticed a fire crab
 12010 | Gauntlet | Found a transporter.
 12013 | Gauntlet | Noticed a sixfirhy
 12013 | Gauntlet | Noticed a sixfirhy
 12016 | Gauntlet | Noticed a sixfirhy
 12025 | Gauntlet | Found a runed translucent gate.
 12025 | Gauntlet | Found a runed translucent gate.
 12027 | Gauntlet | Found a transporter.
 12031 | Gauntlet | Found a transporter.
 12052 | Gauntlet | Found a transporter.
 12065 | Gauntlet | Found a transporter.
 12066 | Gauntlet | Noticed an entropy weaver
 12079 | Gauntlet | Found a transporter.
 12106 | Gauntlet | Noticed an entropy weaver
 12108 | Gauntlet | Found a transporter.
 12108 | Gauntlet | Found a transporter.
 12113 | Gauntlet | Found a transporter.
 12136 | Gauntlet | Found a transporter.
 12140 | Gauntlet | Found a transporter.
 12141 | Gauntlet | Noticed a ghost crab
 12175 | Gauntlet | Found a runed translucent gate.
 12207 | Gauntlet | Killed a fire crab
 12210 | Gauntlet | Engulfed by a cloud of flame

Illustrated notes

Levels and vault maps discovered:
D:1:      minmay_arrival_arboretum_small, layout_basic,
          nicolae_shop_unique_rings
D:2:      layout_basic
D:3:      layout_basic, serial_shops, shop
D:4:      cheibrodos_greedy_goblins, layout_loops_ring, serial_shops, shop,
          nicolae_shop_just_a_little_nook, nicolae_shop_mannequins, shop, shop,
          uniq_crazy_yiuf_cottage
D:5:      layout_basic, mainiacjoe_overflow_catch_the_wave,
          minmay_temple_entry_waves, portal_sewer_entry_b,
          kennysheep_generic_room_4
D:6:      wander_river, layout_cave_pools, grunt_temple_overflow_diamond,
          uniq_sigmund, uniq_menkaure
D:7:      layout_rooms, cheibriados_altar_2, nicolae_tso_swordbearing_angel,
          nicolae_inconvenience_store, uniq_jeremiah, uniq_joseph
D:8:      layout_rooms, serial_shops, nicolae_shop_tiny_glass, serial_ice,
          serial_ice_e, serial_ice_m, serial_ice_k, serial_ice_a
D:9:      layout_loops_corners
D:10:     layout_small_grid, zin_scriptorium, nicolae_ru_the_path_less_chosen,
          eat_drink_and_be_merry_uskayaw, orc_0_dummy, nrook_mini_backslash,
          minmay_microvault
D:11:     layout_basic, erik_lair_dragon, gauntlet_entry_generic, uniq_grum,
          uniq_lodul, uniq_erolcha
Temple:   hellmonk_temple_two_chambers
Gauntlet: minmay_gauntlet_mixed_oops_all_seconds
          [minmay_gauntlet_arena_77_block_sizes,
          nicolae_gauntlet_arena_flowing_pool,
          minmay_gauntlet_arena_77_run_for_it, nicolae_gauntlet_arena_t_cross,
          minmay_gauntlet_arena_77_mess, gammafunk_gauntlet_arena_corners,
          nicolae_gauntlet_exit_dead_adventurers]

Skill      XL: |  1  2  3  4  5  6  7  8  9 10 11 |
---------------+----------------------------------+-----
Stealth        | 1 2 3 4 5 6 7 |  7.7
Fighting       | 2 3 4 5 6 7 |  7.6
Spellcasting   | 1 2 3 4 |  4.9
Dodging        | 3 4 5 6 7 |  7.9
Unarmed Combat | 4 5 6 7 8 |  8.2
Shapeshifting  | 4 5 6 7 |  7.6
Translocations | 1 2 3 4 5 |  5.0
Evocations     | 1 2 3 4 |  4.9

Action                     |  1- 3 |  4- 6 |  7- 9 | 10-12 || total
---------------------------+-------+-------+-------+-------++-------
  Melee: Unarmed           |    70 |   127 |   179 |   406 ||   782
         Constrict         |    20 |    28 |    36 |    53 ||   137
         Tentacles         |    11 |    22 |    46 |   111 ||   190
         Punch             |     1 |     2 |    14 |    12 ||    29
  Evoke: Wand              |       |       |       |     3 ||     3
    Use: Scroll            |     3 |    10 |     8 |     6 ||    27
         Potion            |       |     1 |     2 |     6 ||     9
   Stab: Sleeping          |    11 |    13 |     6 |     4 ||    34
         Invisible         |       |     3 |       |       ||     3
         Distracted        |       |       |     2 |     4 ||     6
 Armour: Skin              |    28 |    26 |    44 |   104 ||   202
  Dodge: Dodged            |    40 |    64 |   149 |   378 ||   631
   Form: Flux              |       |       |       |     1 ||     1

Table legend: (Time is in decaauts)
 A = Elapsed time spent in this place.
 B = Non-inter-level travel time spent in this place.
 C = Inter-level travel time spent in this place.
 D = Time resting spent in this place.
 E = Time spent auto-exploring this place.
 F = Levels seen in this place.
 G = Mean time per level.
                   A        B        C        D        E       F      G
               +--------+--------+--------+--------+--------+-----+--------+
         Total |  12145 |  10974 |   1171 |   1206 |   6672 |  14 |  867.5 |
       Dungeon |  11509 |  10343 |   1166 |   1206 |   6227 |  11 | 1046.3 |
        Temple |     12 |      7 |      5 |      0 |      0 |   1 |   12.0 |
         Sewer |    394 |    394 |      0 |      0 |    265 |   1 |  394.0 |
      Gauntlet |    228 |    228 |      0 |      0 |    180 |   1 |  228.0 |
               +--------+--------+--------+--------+--------+-----+--------+

Top non-repeatable levels by time:
     D:7: 1560 daAuts
     D:9: 1494 daAuts
     D:8: 1218 daAuts
     D:5: 1215 daAuts
     D:1: 1151 daAuts
    D:10: 1139 daAuts
     D:4: 1097 daAuts
     D:3: 891 daAuts
     D:2: 866 daAuts
     D:6: 755 daAuts
   Sewer: 394 daAuts
Gauntlet: 228 daAuts
    D:11: 118 daAuts
  Temple: 12 daAuts
